AoeStats
← the shy

Nomad

504702109Analyzed
4v4 RM · 27d ago on Sep 6, 2026· 36m 36s· 8 players
Game mode
Random Map
Map size
231×231
Population
200
Speed
Normal
Resources
Standard
Victory
Conquest
Starting age
Dark Age
Ending age
Imperial Age
RankedLock teamsTeams togetherTeam positionsShared explorationLock speedFull tech treeHidden civsTurbo modeCheats
Victory
Defeat
🇨🇳 Huns · China
1560
+12
🇩🇪 Dravidians · Germany
1499
+14
🇳🇱 Spanish · Netherlands
1490
+14
🇧🇦 Khmer · Bosnia & Herzegovina
1376
+20
🇦🇪 Lithuanians · United Arab Emirates
1474
-16
🇭🇰 Vietnamese · Hong Kong SAR China
1473
-16
🇹🇼 Malians · Taiwan
1461
-15
🇨🇳 Spanish · China
1417
-13
MFL91
14:00 Loom
16:35 Feudal Age
21:04 Castle Age
天線小號
3:45 Loom
13:24 Feudal Age
14:26 Town Watch
17:45 Castle Age
16:50 Scale Mail Armor
17:36 Man-at-Arms
18:22 Long Swordsman
22:41 Chain Mail Armor
WCID
14:16 Feudal Age
13:59 Loom
17:57 Castle Age
15:51 Stone Mining
15:47 Double-Bit Axe
16:08 Gold Mining
18:57 Bow Saw
24:38 Horse Collar
27:37 Fletching
29:41 Bodkin Arrow
31:55 Fortified Wall
32:04 Town Watch
32:55 Wheelbarrow
32:54 Ballistics
33:27 Murder Holes
你朋友
4:26 Loom
4:38 Loom
13:07 Feudal Age
17:21 Castle Age
15:33 Fletching
16:16 Double-Bit Axe
17:05 Gold Mining
17:58 Bodkin Arrow
21:12 Medium Warships
Mr Bowll
5:10 Loom
13:09 Feudal Age
16:48 Castle Age
16:30 Double-Bit Axe
17:49 Bow Saw
23:40 Gold Mining
25:13 Medium Warships
29:30 Imperial Age
27:52 Wheelbarrow
29:43 Horse Collar
30:13 Scale Barding Armor
30:18 Forging
30:56 Bloodlines
30:46 Husbandry
30:09 Cavalier
31:05 Heavy Plow
32:22 Chain Barding Armor
33:30 Iron Casting
34:36 Plate Barding Armor
35:42 Paladin
37:16 Coinage
the shy
13:00 Feudal Age
13:33 Double-Bit Axe
13:59 Fishing Lines
16:53 Gold Mining
19:07 Castle Age
17:46 Loom
18:06 Fletching
19:48 Crossbowman
20:26 Bodkin Arrow
21:13 Bow Saw
22:17 Gold Shaft Mining
22:56 Gillnets
23:18 Padded Archer Armor
25:10 Ballistics
26:34 Bloodlines
28:41 Horse Collar
33:34 Imperial Age
31:47 Wheelbarrow
34:15 Hand Cart
33:47 Capped Ram
34:32 Bracer
35:36 Chemistry
34:21 Heavy Cavalry Archer
35:20 Thumb Ring
35:15 Siege Ram
36:23 Husbandry
SbS | TetraPak
4:36 Loom
13:28 Feudal Age
16:01 Fletching
22:09 Castle Age
23:16 Medium Warships
27:05 Double-Bit Axe
28:01 Fishing Lines
29:52 Gillnets
32:57 Bow Saw
33:43 Wheelbarrow
33:33 Town Watch
35:30 Horse Collar
39:40 Imperial Age
1godi
5:21 Loom
12:44 Feudal Age
17:36 Horse Collar
20:59 Castle Age
19:54 Forging
20:34 Double-Bit Axe
21:04 Bloodlines
22:48 Gold Mining
23:11 Bow Saw
27:02 Scale Barding Armor
28:23 Wheelbarrow
29:54 Heavy Plow
30:45 Chain Barding Armor
31:15 Husbandry
31:17 Town Watch
32:45 Iron Casting
Connection lost

Rejoining the realm…

Still unreachable

The connection could not be restored.

Session expired

The server has moved on; the page needs a fresh start.